 Dungeon Crawl Stone Soup version 0.29-a0-284-gf9362112df (webtiles) character file.

Game seed: 6561939934544933447

1896 sammy202020 the Chopper (level 8, 0/71 HPs)
             Began as a Palentonga Berserker on Mar 23, 2022.
             Was a Priest of Trog.
             Killed from afar by a gargoyle (13 damage)
             ... with a stone arrow
             ... on level 6 of the Dungeon.
             The game lasted 00:10:56 (8157 turns).

sammy202020 the Chopper (Palentonga Berserker)      Turns: 8157, Time: 00:10:57

Health: 0/71       AC: 19    Str: 21    XL:     8   Next: 93%
Magic:  8/8        EV:  6    Int: 15    God:    Trog [***...]
Gold:   109        SH:  5    Dex: 10    Spells: 7/7 levels left

rFire   . . .      SeeInvis +   a - +0 hand axe
rCold   . . .      Faith    .   (no shield)
rNeg    . . .      Spirit   .   d - +2 chain mail {rPois}
rPois   +          Reflect  +   (no helmet)
rElec   .          Harm     .   (no cloak)
rCorr   .          Rampage  .   k - +0 pair of gloves
Will    .....                   (no barding)
Stlth   ..........              z - amulet of reflection
HPRegen 0.21/turn               j - ring of flight
MPRegen 0.11/turn               l - +6 ring of intelligence

@: on berserk cooldown, flying, hasted and slowed, curled up
A: large, rugged brown scales 3, see invisible, deformed body, roll 1, armoured
tail, reflexive curl, sense surroundings 1
a: Rolling Charge, Renounce Religion, Berserk, Trog's Hand


You were on level 6 of the Dungeon.
You worshipped Trog.
Trog was most pleased with you.
You visited 1 branch of the dungeon, and saw 6 of its levels.
You also visited: Ossuary.

You collected 349 gold pieces.
You spent 240 gold pieces at shops.

Inventory:

Hand Weapons
 a - a +0 hand axe (weapon)
 h - a +0 club
 q - a +0 flail
Armour
 d - a +2 chain mail of poison resistance (worn)
 k - a +0 pair of gloves (worn)
Jewellery
 j - a ring of flight (left hand)
 l - a +6 ring of intelligence (right hand)
 x - a +6 ring of intelligence
 z - an amulet of reflection (around neck)
Wands
 y - a wand of iceblast (6)
Scrolls
 b - a scroll of blinking
 e - 3 scrolls of teleportation
 o - a scroll of summoning
 v - 2 scrolls of identify
Potions
 c - 2 potions of curing
 f - a potion of attraction
 g - a potion of mutation
 i - a potion of lignification
 m - 3 potions of flight
 n - a potion of resistance {unknown}
 p - 2 potions of magic
 r - a potion of ambrosia
 t - a potion of heal wounds
 u - a potion of might
 w - 2 potions of berserk rage {unknown}


   Skills:
 * Level 7.3 Fighting
 * Level 7.3 Axes
 * Level 5.8 Armour
 - Level 1.5 Dodging


You had 7 spell levels left.
You didn't know any spells.
Your spell library was empty.

Dungeon Overview and Level Annotations

Branches:
Dungeon (6/15)             Temple (0/1) D:5         Ossuary (visited)

Altars:
Ashenzari
Makhleb
Okawaru
Ru
The Shining One

Shops:
D:1 *?   D:5 [


Innate Abilities, Weirdness & Mutations

You are completely covered in rugged brown scales. (AC +3, +7% HP)
You have supernaturally acute eyesight. (SInv)
Armour fits poorly on your strangely shaped body.
You can roll at nearby foes to attack.
You have a long armoured tail.
You curl defensively after being hit. (AC +7*)
You passively map a small area around you.


Message History

You see here the ring of the Open Hand {Fire Dex+4}.
You hit the gargoyle but do no damage.
The gargoyle hits you but does no damage.
You hit the gargoyle but do no damage. You hit the gargoyle but do no damage.
Your tail-slap misses the gargoyle.
You are no longer berserk.
You are exhausted.
You feel yourself slow down.
The gargoyle hits you with a +0 morningstar.
You hit the gargoyle but do no damage.
You tail-slap the gargoyle, but do no damage.
The gargoyle hits you with a +0 morningstar!
You hit the gargoyle but do no damage.
The gargoyle hits you with a +0 morningstar!
The gargoyle attacks as you move away!
The gargoyle hits you with a +0 morningstar.
The gargoyle hurls a stone arrow at you.
The stone arrow reflects off an invisible shield around you!
The stone arrow hits the gargoyle!!
There is an open translucent door here.
You feel much better.
You feel the effects of Trog's Hand fading.
The gargoyle hits you with a +0 morningstar!
You feel yourself speed up.
The gargoyle hurls a stone arrow at you.
The stone arrow hits you!
The gargoyle hits you with a +0 morningstar!
You hit the gargoyle.
The gargoyle is severely damaged.
The gargoyle hits you with a +0 morningstar.
You hit the gargoyle but do no damage.
The gargoyle is severely damaged.
The gargoyle hits you with a +0 morningstar!
* * * LOW HITPOINT WARNING * * *
You closely miss the gargoyle.
The gargoyle is severely damaged.
Your skin stops crawling.
You feel less strong-willed.
The gargoyle hurls a stone arrow at you.
The stone arrow hits you!
You die...

, * _ ,, , , , , *,
* , , * , ,,, , ,
,* *#####
###########.
##...###.§#§§§..>.[
#....##.§§§§§§§..#.
*#...#..§§§§§§§..#
, ,
##......##@##.....
,
#.......#§9§#.....
+ * ###......#§§§#
....
######........#§§§#
... ..............#
* ... , *
######...##..## ,,
###..##.###..# , ,*
##....#..# #..## ,
.......<.#*#.... ,
* *


You could see a gargoyle.

Vanquished Creatures
  The ghost of IdlyInterested the Cutter, a novice DsGl (D:6)
  An ice beast (D:5)
  4 ogres
  A bullfrog (D:6)
  A necrophage (D:5)
  8 water moccasin zombies (Ossuary)
  A howler monkey (D:5)
  A hound (D:5)
  2 jellies (D:6)
  Natasha (thrice) (D:3)
  2 iguanas
  An orc wizard (D:6)
  2 mummies (Ossuary)
  5 adders
  2 ufetubi
  6 adder zombies (Ossuary)
  2 worms
  A dart slug (D:1)
  8 orcs
  4 ball pythons
  7 endoplasms
  A giant cockroach (D:4)
  A gnoll zombie (Ossuary)
  8 goblins
  5 hobgoblins
  5 jackals
  4 quokkas
  5 bats
  5 frilled lizards
  A goblin zombie (D:4)
  4 hobgoblin zombies (Ossuary)
  6 kobolds
  4 kobold zombies (Ossuary)
  5 orc zombies (Ossuary)
  8 rats
  A rat zombie (D:4)
126 creatures vanquished.

Vanquished Creatures (others)
  A fungus (D:1)
1 creature vanquished.

Grand Total: 127 creatures vanquished

Notes
Turn   | Place    | Note
-------+----------+-------------------------------------------
     0 | D:1      | sammy202020 the Palentonga Berserker began the quest for
                  | the Orb.
     0 | D:1      | Reached XP level 1. HP: 19/19 MP: 1/1
    30 | D:1      | Found Roovur's Magic Scroll Boutique.
   472 | D:1      | Reached XP level 2. HP: 23/25 MP: 2/2
   684 | D:1      | Found a faded altar of an unknown god.
   741 | D:1      | Found Toocu's Assorted Antiques.
  1152 | D:2      | Reached XP level 3. HP: 23/31 MP: 3/3
  2828 | D:3      | Reached ** piety under Trog
  2829 | D:3      | Reached XP level 4. HP: 38/39 MP: 4/4
  2989 | D:3      | Noticed Natasha
  2994 | D:3      | Killed Natasha
  3459 | D:3      | Noticed Natasha
  3471 | D:3      | Killed Natasha
  3472 | D:3      | Reached XP level 5. HP: 35/44 MP: 5/5
  3583 | D:3      | Noticed Natasha
  3598 | D:3      | Killed Natasha
  3994 | D:4      | Noticed an ogre
  4003 | D:4      | Killed an ogre
  4340 | D:4      | Found a burning altar of Makhleb.
  4373 | D:4      | Reached XP level 6. HP: 51/52 MP: 6/6
  4447 | D:4      | Found a sand-covered staircase.
  4455 | Ossuary  | Entered an ossuary
  4665 | Ossuary  | Reached skill level 5 in Fighting
  4665 | Ossuary  | Reached skill level 5 in Axes
  4736 | Ossuary  | Gained mutation: You curl defensively after being hit. (AC
                  | +7*) [Palentonga growth]
  4736 | Ossuary  | Reached XP level 7. HP: 57/59 MP: 7/7
  5002 | Ossuary  | Reached *** piety under Trog
  5191 | Ossuary  | Gained mutation: You tend to lose your temper in combat.
                  | [potion of mutation]
  5191 | Ossuary  | Gained mutation: You passively map a small area around you.
                  | [potion of mutation]
  5191 | Ossuary  | Lost mutation: You tend to lose your temper in combat.
                  | [potion of mutation]
  5269 | D:4      | Found a sacrificial altar of Ru.
  5815 | D:5      | Entered Level 5 of the Dungeon
  6016 | D:5      | Found a glowing golden altar of the Shining One.
  6024 | D:5      | HP: 2/62 [iguana (2)]
  6029 | D:5      | HP: 1/93 [ogre/+0 giant spiked club (12)]
  6031 | D:5      | Reached XP level 8. HP: 1/68 MP: 8/8
  6836 | D:5      | Found a staircase to the Ecumenical Temple.
  6875 | D:5      | Found Cuydor's Armour Shop.
  6884 | D:5      | Bought a +2 chain mail of poison resistance for 240 gold
                  | pieces
  7074 | D:5      | Reached skill level 5 in Armour
  7754 | D:6      | Found an iron altar of Okawaru.
  7940 | D:6      | Found a broken altar of Ashenzari.
  8120 | D:6      | Found a runed translucent door.
  8121 | D:6      | Noticed IdlyInterested's ghost (novice DsGl)
  8144 | D:6      | Killed IdlyInterested's ghost
  8146 | D:6      | Identified the ring of the Open Hand {Fire Dex+4}
  8146 | D:6      | Noticed a gargoyle
  8157 | D:6      | Killed from afar by a gargoyle

Illustrated notes

Levels and vault maps discovered:
D:1:      eino_arrival_cavern_a, layout_basic,
          shapermc_ecumenical_altar_mp_urbaneastern, serial_shops,
          nicolae_shop_hallway_plus, shop, minmay_tetromino_s2
D:2:      layout_basic
D:3:      layout_basic, uniq_natasha
D:4:      layout_gridville, nicolae_overflow_crystal_walls,
          lightli_temple_of_fire, enter_ossuary_4
D:5:      layout_cave_pools, mainiacjoe_overflow_tiny_flanked,
          minmay_temple_entry_glass, serial_shops, nicolae_lakefront_shop,
          serial_park, serial_park_gazebo [serial_park_minivault_5x5_8],
          serial_park_square1 [serial_park_minivault_5x5_7], serial_park_tiny_1,
          serial_park_tiny_pond, minmay_door_square
D:6:      layout_cave_pools, pdpol_temple_overflow_zin_treasury_gozag_greed,
          pf_just_have_faith, amcnicky_altar_gilded,
          lemuel_coloured_pillars_altar,
          mainiacjoe_overflow_concentric_impassable, serial_column_ruins,
          column_ruins_temple_circle, column_ruins_hut, column_ruins_grid_1,
          column_ruins_corridor_T, column_ruins_grid_4, column_ruins_grid_4,
          column_ruins_columns_straight, ebering_ghost_inner_flame,
          kennysheep_generic_room_12

Skill      XL: |  1  2  3  4  5  6  7  8 |
---------------+-------------------------+-----
Armour         | 2 3 4 5 |  5.8
Axes           | 4 5 6 7 |  7.3
Fighting       | 4 5 6 7 |  7.3
Dodging        | |  1.5

Action                   |  1- 3 |  4- 6 |  7- 9 || total
-------------------------+-------+-------+-------++-------
Melee: Hand axe          |   121 |   165 |   279 ||   565
       Tailslap          |     3 |    24 |    43 ||    70
       Punch             |       |     3 |     5 ||     8
Invok: Berserk           |     1 |     1 |     4 ||     6
       Trog's Hand       |       |       |     2 ||     2
 Abil: Rolling Charge    |       |       |     2 ||     2
  Use: Scroll            |       |       |    13 ||    13
       Potion            |       |       |     4 ||     4
Armor: Animal skin       |    54 |    30 |       ||    84
       Chain mail        |       |    42 |   156 ||   198
Dodge: Dodged            |    55 |    62 |    84 ||   201
Block: Other             |       |       |     4 ||     4
       Reflection        |       |       |     1 ||     1

Table legend: (Time is in decaauts)
 A = Elapsed time spent in this place.
 B = Non-inter-level travel time spent in this place.
 C = Inter-level travel time spent in this place.
 D = Time resting spent in this place.
 E = Time spent auto-exploring this place.
 F = Levels seen in this place.
 G = Mean time per level.
                   A        B        C        D        E       F      G
               +--------+--------+--------+--------+--------+-----+--------+
         Total |   8238 |   8044 |    194 |   1356 |   5529 |   7 | 1176.9 |
       Dungeon |   7471 |   7277 |    194 |   1255 |   5190 |   6 | 1245.2 |
       Ossuary |    767 |    767 |      0 |    101 |    339 |   1 |  767.0 |
               +--------+--------+--------+--------+--------+-----+--------+

Top non-repeatable levels by time:
     D:5: 1965 daAuts
     D:2: 1475 daAuts
     D:3: 1387 daAuts
     D:1: 1141 daAuts
     D:4: 1102 daAuts
 Ossuary: 767 daAuts
     D:6: 399 daAuts
